 Dungeon Crawl Stone Soup version 0.31-a0-640-g39d97e502b (webtiles) character file.

Game seed: 12204217993766083655

54 GordonOverkill the Sneak (level 3, -1/20 HPs)
             Began as a Vine Stalker Delver on Aug 28, 2023.
             Slain by a gnoll
             ... wielding a +0 flail
              (2 damage)
             ... on level 2 of the Dungeon.
             The game lasted 00:04:38 (1280 turns).

GordonOverkill the Sneak (Vine Stalker Delver)      Turns: 1280, Time: 00:04:39

Health: -1/20      AC:  4    Str: 16    XL:     3   Next: 91%
Magic:  0/4        EV: 11    Int: 10    God:
Gold:   28         SH:  0    Dex: 15    Spells: 2/2 levels left

rFire   . .          .
                       - Unarmed
rCold   . . .        (no shield)
rNeg    . . .        a - +0 leather armour
rPois   .            i - +0 helmet
rElec   .            (no cloak)
rCorr   .            (no gloves)
SInv    .            (no boots)
Will    +....        (no amulet)
Stlth   +++          o - ring of willpower
HPRegen 0.23/turn    (no ring)
MPRegen 0.09/turn

%: guardian spirit
@: no status effects
A: fangs 2, magic shield, antimagic bite, no potion heal 2
a: no special abilities


You were on level 2 of the Dungeon.
You visited 1 branch of the dungeon, and saw 6 of its levels.

You collected 56 gold pieces.
You spent 28 gold pieces at shops.

Inventory:

Armour
 a - a +0 leather armour (worn)
 i - a +0 helmet (worn)
Jewellery
 o - a ring of willpower (left hand)
 s - a ring of fire
Wands
 f - a wand of digging (3)
Scrolls
 b - 2 scrolls of fog
 c - a scroll of revelation
 d - 5 scrolls of fear
 g - 2 scrolls of silence {unknown}
 j - 3 scrolls of enchant armour {unknown}
 k - a scroll of enchant weapon {unknown}
 l - a scroll of amnesia {unknown}
 n - a scroll of acquirement {unknown}
 q - a scroll of noise {unknown}
Potions
 e - a potion of haste
 h - 2 potions of attraction
 m - a potion of enlightenment
 p - a potion of ambrosia
 r - a potion of berserk rage {unknown}


   Skills:
 - Level 3.0 Fighting
 - Level 1.5 Dodging
 - Level 6.0 Stealth
 + Level 3.8 Unarmed Combat


You had 2 spell levels left.
You didn't know any spells.
Your spell library contained the following spells:

 Spells                   Type           Power      Damage    Failure   Level
 Magic Dart               Conj           0%         1d3       43%         1
 Call Imp                 Summ           0%         N/A       56%         2
 Mephitic Cloud           Conj/Pois/Air  0%         N/A       80%         3
 Leda's Liquefaction      Hex/Erth       0%         N/A       99%         4
 Lee's Rapid Deconstruct  Erth           0%         3d4*      100%        5
 Leda's Unmaking          Conj/Erth      0%         9d1       100%        6


Dungeon Overview and Level Annotations

Branches:
Dungeon (7/15)
 Temple: D:4-7

Altars:

Shops:
D:4 [=?

Annotations:
D:5 exclusion: iguana


Innate Abilities, Weirdness & Mutations

You have extremely sharp teeth.
When hurt, damage is shared between your health and your magic reserves.
Your bite disrupts and absorbs the magic of your enemies.
Potions cannot restore your health.


Message History

An adder is nearby!
You see here a +0 flail.
You see here a +0 flail.
You start resting.
HP restored.
You see here a +0 flail.
You see here a +0 robe.
You see here 8 stones.
The gnoll shouts!
You hit the gnoll but do no damage. The gnoll hits you with a +0 flail!
* * * LOW HITPOINT WARNING * * *
You closely miss the gnoll. The gnoll hits you with a +0 flail!
* * * LOW HITPOINT WARNING * * *
You hit the gnoll. Your bite misses the gnoll.
The gnoll is moderately wounded.
The gnoll misses you.
You closely miss the gnoll. You bite the gnoll. You drain its power.
You feel invigorated.
The gnoll is heavily wounded.
The gnoll misses you.
You hit the gnoll but do no damage.
The gnoll is heavily wounded.
The gnoll hits you with a +0 flail!
* * * LOW HITPOINT WARNING * * *
You hit the gnoll but do no damage. You bite the gnoll. You drain its power.
You feel invigorated.
The gnoll is heavily wounded.
An adder comes into view.
The gnoll barely misses you.
You closely miss the gnoll.
The gnoll is heavily wounded.
The gnoll hits you with a +0 flail.
* * * LOW HITPOINT WARNING * * *
The adder hisses angrily.
You hit the gnoll.
The gnoll is almost dead.
You hit the gnoll. You bite the gnoll, but do no damage.
The gnoll is almost dead.
The gnoll hits you with a +0 flail.
You die...

##.##...... #..#.....#
##.......# ..
########).##.# g..#
.#....####.##..
.....#####.#.##).......#.
#.......#.##..###...#.
#.##.g###.##..........
#.@# #.....#####.## #(.#
###########.# ##[.#
#.....).....# #...#
#.########### #..####.#
#....)..# ........####.#
.#.##.### ### #.


You could see a gnoll.

Vanquished Creatures
  3 gnolls (D:2)
  An ufetubus (D:6)
  2 goblins
  2 hobgoblins (D:4)
  4 jackals
  2 kobolds (D:2)
  A ball python (D:3)
  3 bats
  A rat (D:3)
19 creatures vanquished.

Notes
Turn   | Place    | Note
-------+----------+-------------------------------------------
     0 | D:5      | GordonOverkill the Vine Stalker Delver began the quest for
                  | the Orb.
     0 | D:5      | Reached XP level 1. HP: 11/11 MP: 2/2
    65 | D:7      | Noticed a hound
   144 | D:6      | Noticed a hound
   234 | D:5      | Noticed an iguana
   264 | D:4      | Reached XP level 2. HP: 9/16 MP: 1/3
   666 | D:4      | Found Dyetousi's Armour Emporium.
   671 | D:4      | Found Quti's Jewellery Shoppe.
   673 | D:4      | Found Jiowaec's Magic Scroll Boutique.
   703 | D:4      | Bought a scroll of identify for 28 gold pieces
   965 | D:2      | Reached XP level 3. HP: 20/20 MP: 4/4
  1278 | D:2      | HP: 1/20 [gnoll/+0 flail (2)]
  1280 | D:2      | Slain by a gnoll

Illustrated notes

Levels and vault maps discovered:
D:2:      layout_basic, hangedman_feature_mirror, st_stairs_8
D:3:      minmay_recursive_quarters, layout_rooms, nicolae_vehumet_altar_sigil,
          minmay_splitting_lines, uniq_jessica
D:4:      layout_basic, nicolae_qazlal_scattered_showers, serial_park_tiny_pond,
          nicolae_wooded_promenade, uniq_duvessa
D:5:      layout_basic, mainiacjoe_overflow_alcove_4
D:6:      layout_loops_ring, serial_shops, nicolae_book_shop_shelving,
          hangedman_decor_points
D:7:      layout_basic, chequers_temple_overflow_statue_of_worship,
          minmay_temple_entry_junction, gammafunk_ghost_grave

Skill      XL: |  1  2 |
---------------+-------+-----
Fighting       | 3 |  3.0
Unarmed Combat | 3 |  3.8
Dodging        | |  1.5
Stealth        | |  6.0

Action                     || total
---------------------------++-------
  Melee: Unarmed           ||    77
         Bite              ||    20
         Punch             ||     2
    Use: Scroll            ||     3
   Stab: Sleeping          ||     3
 Armour: Leather armour    ||    19
  Dodge: Dodged            ||    45

Table legend: (Time is in decaauts)
 A = Elapsed time spent in this place.
 B = Non-inter-level travel time spent in this place.
 C = Inter-level travel time spent in this place.
 D = Time resting spent in this place.
 E = Time spent auto-exploring this place.
 F = Levels seen in this place.
 G = Mean time per level.
                   A        B        C        D        E       F      G
               +--------+--------+--------+--------+--------+-----+--------+
         Total |   1276 |   1264 |     12 |    340 |    167 |   6 |  212.7 |
       Dungeon |   1276 |   1264 |     12 |    340 |    167 |   6 |  212.7 |
               +--------+--------+--------+--------+--------+-----+--------+

Top non-repeatable levels by time:
     D:2: 448 daAuts
     D:4: 344 daAuts
     D:3: 227 daAuts
     D:6: 191 daAuts
     D:5: 60 daAuts
     D:7: 3 daAuts
